 Dungeon Crawl Stone Soup version 0.26.0-10-g1f06aea511 (webtiles) character file.

Game seed: 15861612538703967274

53 Dracia the Cudgeller (level 3, -2/33 HPs)
             Began as a Deep Dwarf Fighter on Jan 25, 2021.
             Slain by a hobgoblin
             ... wielding a +0 club
             ... led by Robin
              (3 damage)
             ... on level 2 of the Dungeon.
             The game lasted 00:01:30 (1215 turns).

Dracia the Cudgeller (Deep Dwarf Fighter)           Turns: 1215, Time: 00:01:30

Health: -2/33      AC:  6    Str: 20    XL:     3   Next: 62%
Magic:  3/3        EV:  7    Int:  8    God:
Gold:   86         SH: 11    Dex: 12    Spells: 2/2 levels left

rFire    . . .     SeeInvis .   a - +0 flail
rCold    . . .     Faith    .   k - +2 kite shield
rNeg     . . .     Spirit   .   b - +0 scale mail
rPois    .         Reflect  .   (no helmet)
rElec    .         Harm     .   (no cloak)
rCorr    .         Rampage  .   (no gloves)
Will     .....                  (no boots)
Stlth    ..........             (no amulet)
HPRegen  0.00/turn              (no ring)
MPRegen  0.08/turn              (no ring)

@: non-regenerating
A: damage resistance, heal wounds, sense surroundings 1, no regeneration
a: Heal Wounds


You were on level 2 of the Dungeon.
You visited 1 branch of the dungeon, and saw 2 of its levels.

You collected 86 gold pieces.


Innate Abilities, Weirdness & Mutations

You are resistant to damage.
You can heal yourself by infusing magical energy.
You passively map a small area around you.
You do not regenerate.


   Skills:
 - Level 2.6 Fighting
 + Level 4.1 Maces & Flails
 - Level 3.2 Armour
 - Level 3.2 Shields


You had 2 spell levels left.
You didn't know any spells.
Your spell library was empty.

Inventory:

Hand Weapons
 a - a +0 flail (weapon)
Armour
 b - a +0 scale mail (worn)
 c - a +0 kite shield
 k - a +2 kite shield (worn)
Jewellery
 i - an uncursed amulet of the acrobat {unknown}
Scrolls
 e - 2 scrolls of magic mapping {unknown}
 f - a scroll of teleportation {unknown}
 h - a scroll of fear {unknown}
Potions
 d - a potion of might
 g - a potion of curing {unknown}
 j - a potion of degeneration {unknown}
 l - a potion of heal wounds {unknown}

Dungeon Overview and Level Annotations

Branches:
Dungeon (2/15)

Altars:

Annotations:
D:2 Robin

, ..##.###..#* ..
.l *###...,...#.##
, *
#g.g#....##.......
,
g..g.....##.#.#..#
, * #w....#..#.#.#
### ,,
#gS......#.#.#,...
, , #g#..........#
## ,
#g##.........# ,
#@##.....#...## ,
,
#)##..........###
,
#...............##
* ,
+.####.....#......
, , #.#
#.#.#......#. *#.#
#..#...##....[ ,
,..#
#.####.##.....
...,>. #..####.. ,
, ...### ##.)##...


You could see Robin, an adder, a dart slug and 2 hobgoblins.


Message History

The goblin hits you.
You barely miss the goblin.
The hobgoblin no longer looks unusually strong.
You block the goblin's attack. x2
You hit the goblin.
You kill the goblin!
Robin throws the goblin at you! The goblin completely misses you.
The goblin hits you with a +0 dagger.
* * * LOW HITPOINT WARNING * * *
You completely miss the goblin.
Robin roars a battlecry!
The hobgoblin goes into a battle-frenzy!
The goblin hits you.
* * * LOW HITPOINT WARNING * * *
You block the goblin's attack. The goblin closely misses you.
You sock the goblin!
You kill the goblin!
Robin says, "Duck!"
You block the goblin's attack.
You closely miss the goblin.
The goblin is severely wounded.
You block the goblin's attack.
You hit the goblin.
You kill the goblin!
You closely miss the hobgoblin. The hobgoblin hits you with a +0 club!
* * * LOW HITPOINT WARNING * * *
Robin roars a battlecry!
The hobgoblin goes into a battle-frenzy!
You completely miss the hobgoblin. The hobgoblin hits you with a +0 club.
You die...

Skill      XL: |  1  2  3 |
---------------+----------+-----
Maces & Flails | 3 4 |  4.1
Fighting       | |  2.6
Armour         | |  3.2
Shields        | |  3.2

Action                   || total
-------------------------++-------
Melee: Flail             ||   120
Armor: Scale mail        ||    54
Dodge: Dodged            ||    44
Block: Kite shield       ||    77

Levels and vault maps discovered:
D:1:      psy_arrival_radial02, layout_basic, minmay_door_square,
          corexii_item_surrounded_by_moat
D:2:      layout_rooms, riverfiend_overflow_shadow_ancestor,
          nzn_wu_jian_contemplation, lemuel_doored_altar, minivault_25,
          uniq_robin

Notes
Turn   | Place    | Note
-------+----------+-------------------------------------------
     0 | D:1      | Dracia the Deep Dwarf Fighter began the quest for the Orb.
     0 | D:1      | Reached XP level 1. HP: 20/20 MP: 1/1
    44 | D:1      | Reached XP level 2. HP: 27/27 MP: 2/2
   205 | D:1      | Reached skill level 3 in Maces & Flails
   387 | D:1      | Reached XP level 3. HP: 31/33 MP: 3/3
  1180 | D:2      | Noticed Robin
  1207 | D:2      | Reached skill level 4 in Maces & Flails
  1214 | D:2      | HP: 1/33 [hobgoblin/+0 club[Robin] (5)]
  1215 | D:2      | Slain by a hobgoblin

Vanquished Creatures
  2 oozes (D:1)
  A worm (D:2)
  A leopard gecko (D:1)
  6 bats
  2 giant cockroaches (D:1)
  7 goblins
  9 hobgoblins
  A ball python (D:1)
  3 frilled lizards (D:1)
  3 kobolds
  2 rats
37 creatures vanquished.

Table legend: (Time is in decaauts)
 A = Elapsed time spent in this place.
 B = Non-inter-level travel time spent in this place.
 C = Inter-level travel time spent in this place.
 D = Time resting spent in this place.
 E = Time spent auto-exploring this place.
 F = Levels seen in this place.
 G = Mean time per level.
                   A        B        C        D        E       F      G
               +--------+--------+--------+--------+--------+-----+--------+
         Total |   1250 |   1195 |     55 |      0 |    932 |   2 |  625.0 |
       Dungeon |   1250 |   1195 |     55 |      0 |    932 |   2 |  625.0 |
               +--------+--------+--------+--------+--------+-----+--------+

Top non-repeatable levels by time:
     D:1: 1111 daAuts
     D:2: 139 daAuts

Table legend:
 A = Non-vault XP
 B = Vault XP
 C = Vault XP percentage of total XP
 D = Non-vault monster count
 E = Vault monster count
 F = Vault count percentage of total count
                 A         B        C        D         E       F
            +---------+---------+-------+---------+---------+-------
      Total |      62 |      14 |  18.4 |      30 |       7 |  18.9
            +---------+---------+-------+---------+---------+-------
        D:1 |      54 |       0 |   0.0 |      26 |       0 |   0.0
        D:2 |       8 |      14 |  63.6 |       4 |       7 |  63.6
            +---------+---------+-------+---------+---------+-------
